PIO (24 & UNDER)
JASPER COUGARS @ EAU CLAIRE ESQUIRES
09/11/2030
 
TOP OF THE 1ST
Jasper Cougars batting - Pitching for Eau Claire Esquires : RHP Eugene Johnston
Pitching: RHP Eugene Johnston
Batting: RHB Terry Griffin 0-0: Swinging Strike
0-1: Ball
1-1: Called Strike
1-2: Foul Ball, location: 2F
1-2: Foul Ball, location: 2F
1-2: Ball
2-2: Foul Ball, location: 2F
2-2: Strikes out swinging
Batting: SHB Jerry Young 0-0: Called Strike
0-1: Ground out 5-3 (Groundball, 56)
Batting: RHB Ben Wilson 0-0: Ball
1-0: Swinging Strike
1-1: Foul Ball, location: 2F
1-2: Strikes out swinging
Top of the 1st over - 0 runs, 0 hits, 0 errors, 0 left on base; Jasper 0 - Eau Claire 0
BOTTOM OF THE 1ST
Eau Claire Esquires batting - Pitching for Jasper Cougars : RHP Bret Hendricks
Pitching: RHP Bret Hendricks
Batting: RHB Tom McBride 0-0: Ball
1-0: Called Strike
1-1: Swinging Strike
1-2: Ball
2-2: Ball
3-2: Strikes out swinging
Batting: RHB Tomás Rivera 0-0: Ball
1-0: Foul Ball, location: 2F
1-1: Ball
2-1: Called Strike
2-2: Fly out, F7 (Flyball, 7D)
Batting: SHB Paul Davenport 0-0: Ball
1-0: Ball
2-0: Called Strike
2-1: Swinging Strike
2-2: Foul Ball, location: 2F
2-2: Foul Ball, location: 2F
2-2: Ball
3-2: Foul Ball, location: 2F
3-2: Strikes out swinging
Bottom of the 1st over - 0 runs, 0 hits, 0 errors, 0 left on base; Jasper 0 - Eau Claire 0
TOP OF THE 2ND
Jasper Cougars batting - Pitching for Eau Claire Esquires : RHP Eugene Johnston
Batting: SHB Kel Davis 0-0: Ball
1-0: Ground out 4-3 (Groundball, 4)
Batting: LHB John Miller 0-0: Ball
1-0: Called Strike
1-1: Fly out, F9 (Flyball, 89M)
Batting: RHB Manny López 0-0: Swinging Strike
0-1: Ball
1-1: Swinging Strike
1-2: Ball
2-2: Strikes out looking
Top of the 2nd over - 0 runs, 0 hits, 0 errors, 0 left on base; Jasper 0 - Eau Claire 0
BOTTOM OF THE 2ND
Eau Claire Esquires batting - Pitching for Jasper Cougars : RHP Bret Hendricks
Batting: LHB Steve Arnold 0-0: Foul Ball, location: 2F
0-1: Fly out, F9 (Flyball, 9)
Batting: RHB River Cunningham 0-0: SINGLE (Groundball, 4MD)
Batting: RHB Claudio Rodríguez 0-0: Ball
1-0: Ball
2-0: Fly out, F4 (Popup, 4D)
Batting: LHB Caleb Ruíz 0-0: Ball
1-0: Ground out 4-3 (Groundball, 4)
Bottom of the 2nd over - 0 runs, 1 hit, 0 errors, 1 left on base; Jasper 0 - Eau Claire 0
TOP OF THE 3RD
Jasper Cougars batting - Pitching for Eau Claire Esquires : RHP Eugene Johnston
Batting: RHB Alberto Morín 0-0: DOUBLE (Line Drive, 7LM)
Batting: RHB Ken Pérez 0-0: Ground out 6-3 (Groundball, 6)
Batting: RHB Ollie Johnson 0-0: Called Strike
0-1: Called Strike
0-2: Ball
1-2: Strikes out swinging
Batting: RHB Terry Griffin 0-0: Ball
1-0: Foul Ball, location: 2F
1-1: Called Strike
1-2: Foul Ball, location: 2F
1-2: SINGLE (Groundball, 34D)
Alberto Morín to third
Runner from 3rd tries for Home, SAFE, no throw
Batting: SHB Jerry Young 0-0: Fly out, F4 (Line Drive, 4M)
Top of the 3rd over - 1 run, 2 hits, 0 errors, 1 left on base; Jasper 1 - Eau Claire 0
BOTTOM OF THE 3RD
Eau Claire Esquires batting - Pitching for Jasper Cougars : RHP Bret Hendricks
Batting: RHB Ron Moore 0-0: Foul Ball, location: 2F
0-1: Ball
1-1: Ball
2-1: Called Strike
2-2: Foul Ball, location: 2F
2-2: Strikes out swinging
Batting: RHB Jorge Silva 0-0: Ground out 6-3 (Groundball, 6M)
Batting: RHB Tom McBride 0-0: Called Strike
0-1: Ball
1-1: Swinging Strike
1-2: Ball
2-2: Ball
3-2: Strikes out looking
Bottom of the 3rd over - 0 runs, 0 hits, 0 errors, 0 left on base; Jasper 1 - Eau Claire 0
TOP OF THE 4TH
Jasper Cougars batting - Pitching for Eau Claire Esquires : RHP Eugene Johnston
Batting: RHB Ben Wilson 0-0: Called Strike
0-1: Ground out 5-3 (Groundball, 56)
Batting: SHB Kel Davis 0-0: Ball
1-0: SINGLE (Groundball, 56D)
Batting: LHB John Miller 0-0: Ball
1-0: 2-RUN HOME RUN (Flyball, 9D), Distance : 339 ft
Batting: RHB Manny López 0-0: Foul Ball, location: 2F
0-1: Called Strike
0-2: DOUBLE (Flyball, 8RXD)
Batting: RHB Alberto Morín 0-0: Called Strike
0-1: Foul Ball, location: 2F
0-2: Strikes out swinging
Batting: RHB Ken Pérez 0-0: Called Strike
0-1: Called Strike
0-2: Strikes out swinging
Top of the 4th over - 2 runs, 3 hits, 0 errors, 1 left on base; Jasper 3 - Eau Claire 0
BOTTOM OF THE 4TH
Eau Claire Esquires batting - Pitching for Jasper Cougars : RHP Bret Hendricks
Batting: RHB Tomás Rivera 0-0: Ball
1-0: Called Strike
1-1: SINGLE (Line Drive, 8LS)
Batting: SHB Paul Davenport 0-0: Foul Ball, location: 2F
0-1: Foul Ball, location: 2F
0-2: Ball
1-2: DOUBLE (Flyball, 89XD)
Tomás Rivera to third
Runner from 3rd tries for Home, SAFE, throw made at trailing runner, OUT at third!
Batting: LHB Steve Arnold 0-0: Called Strike
0-1: Foul Ball, location: 2F
0-2: Ball
1-2: Ball
2-2: Ball
3-2: Foul Ball, location: 2F
3-2: Ground out 6-3 (Groundball, 6)
Batting: RHB River Cunningham 0-0: Called Strike
0-1: Ball
1-1: Swinging Strike
1-2: Ball
2-2: Fly out, F7 (Line Drive, 78M)
Bottom of the 4th over - 1 run, 2 hits, 0 errors, 0 left on base; Jasper 3 - Eau Claire 1
TOP OF THE 5TH
Jasper Cougars batting - Pitching for Eau Claire Esquires : RHP Eugene Johnston
Batting: RHB Ollie Johnson 0-0: SINGLE (Groundball, 6D)
Batting: RHB Terry Griffin 0-0: Called Strike
Throwing error on steal attempt, E2
Ollie Johnson to third
0-1: Fly out, F9 (Line Drive, 9)
Runner from 3rd tags up, SCORES, no throw
Batting: SHB Jerry Young 0-0: Called Strike
0-1: Foul Ball, location: 2F
0-2: Ball
1-2: Foul Ball, location: 2F
1-2: Ball
2-2: Ball
3-2: SINGLE (Groundball, 56S) (infield hit)
Batting: RHB Ben Wilson 0-0: Ball
Jerry Young is caught stealing 2nd base
1-0: Ball
2-0: Ball
3-0: Called Strike
3-1: Called Strike
3-2: Strikes out swinging
Top of the 5th over - 1 run, 2 hits, 1 error, 0 left on base; Jasper 4 - Eau Claire 1
BOTTOM OF THE 5TH
Eau Claire Esquires batting - Pitching for Jasper Cougars : RHP Bret Hendricks
Batting: RHB Claudio Rodríguez 0-0: Fly out, F8 (Flyball, 8LS)
Batting: LHB Caleb Ruíz 0-0: Foul Ball, location: 2F
0-1: Ball
1-1: Called Strike
1-2: Strikes out swinging
Batting: RHB Ron Moore 0-0: Foul Ball, location: 2F
0-1: Foul Ball, location: 2F
0-2: Strikes out swinging
Bottom of the 5th over - 0 runs, 0 hits, 0 errors, 0 left on base; Jasper 4 - Eau Claire 1
TOP OF THE 6TH
Jasper Cougars batting - Pitching for Eau Claire Esquires : RHP Eugene Johnston
Batting: SHB Kel Davis 0-0: Ground out 4-3 (Groundball, 4)
Batting: LHB John Miller 0-0: DOUBLE (Line Drive, 9LD)
Pitching: RHP Sam Faulkner
Batting: RHB Manny López 0-0: Ball
1-0: Ball
2-0: Ball
3-0: Base on Balls
Batting: RHB Alberto Morín 0-0: Ball
1-0: Ball
2-0: Fly out, F8 (Flyball, 8LD)
Batting: RHB Ken Pérez 0-0: Ball
1-0: Foul Ball, location: 2F
1-1: Ball
2-1: Ball
3-1: Ground out 3-1 (Groundball, 34)
Top of the 6th over - 0 runs, 1 hit, 0 errors, 2 left on base; Jasper 4 - Eau Claire 1
BOTTOM OF THE 6TH
Eau Claire Esquires batting - Pitching for Jasper Cougars : RHP Bret Hendricks
Batting: RHB Jorge Silva 0-0: Ball
1-0: Foul Ball, location: 2F
1-1: Ball
2-1: Foul Ball, location: 2F
2-2: Ball
3-2: Foul Ball, location: 2F
3-2: Fly out, F9 (Flyball, 89S)
Batting: RHB Tom McBride 0-0: Ball
1-0: Foul Ball, location: 2F
1-1: Ball
2-1: Ball
3-1: Fly out, F7 (Flyball, 7LMF)
Batting: RHB Tomás Rivera 0-0: Ground out 5-3 (Groundball, 5S)
Bottom of the 6th over - 0 runs, 0 hits, 0 errors, 0 left on base; Jasper 4 - Eau Claire 1
TOP OF THE 7TH
Jasper Cougars batting - Pitching for Eau Claire Esquires : RHP Sam Faulkner
Batting: RHB Ollie Johnson 0-0: Ball
1-0: Ball
2-0: Called Strike
2-1: Called Strike
2-2: Ball
3-2: Base on Balls
Batting: RHB Terry Griffin 0-0: Called Strike
0-1: Ball
1-1: Bunt missed!
1-2: Foul Ball, location: 2F
1-2: Foul Ball, location: 2F
1-2: Ball
2-2: Foul Ball, location: 2F
2-2: Ball
3-2: Foul Ball, location: 2F
3-2: SINGLE (Groundball, 4MD)
Ollie Johnson to second
Batting: SHB Jerry Young 0-0: Called Strike
0-1: Ball
1-1: Ball
2-1: Ball
3-1: Base on Balls
Ollie Johnson to third
Terry Griffin to second
Batting: RHB Ben Wilson 0-0: Called Strike
0-1: Swinging Strike
0-2: Strikes out swinging
Batting: SHB Kel Davis 0-0: Called Strike
0-1: Ball
1-1: Called Strike
1-2: Ball
2-2: Foul Ball, location: 2F
2-2: Ball
Wild Pitch!
Ollie Johnson scores
Terry Griffin to third
Jerry Young to second
3-2: Base on Balls
Pitching: LHP Iván Serna
Batting: LHB John Miller 0-0: Ball
1-0: Called Strike
1-1: Ball
2-1: Swinging Strike
2-2: Foul Ball, location: 2F
2-2: Fly out, F7 (Flyball, 7)
Throwing error, E7
Terry Griffin scores
Jerry Young to third
Kel Davis to second
Pitching: LHP John Smith
Batting: RHB Manny López 0-0: Ball
1-0: Ball
2-0: Foul Ball, location: 2F
2-1: Fly out, F7 (Flyball, 78D)
Top of the 7th over - 2 runs, 1 hit, 1 error, 2 left on base; Jasper 6 - Eau Claire 1
BOTTOM OF THE 7TH
Eau Claire Esquires batting - Pitching for Jasper Cougars : RHP Bret Hendricks
Pitching: LHP Logan Brown
Batting: SHB Paul Davenport 0-0: SINGLE (Flyball, 89M)
Batting: LHB Steve Arnold 0-0: Grounds into double play, 6-4-3 (Groundball, 6M)
Batting: RHB River Cunningham 0-0: Called Strike
0-1: DOUBLE (Groundball, 5L)
Batting: RHB Claudio Rodríguez 0-0: Called Strike
0-1: Foul Ball, location: 2F
0-2: Ball
1-2: Ground out 5-3 (Groundball, 56)
Bottom of the 7th over - 0 runs, 2 hits, 0 errors, 1 left on base; Jasper 6 - Eau Claire 1
TOP OF THE 8TH
Jasper Cougars batting - Pitching for Eau Claire Esquires : LHP John Smith
Batting: RHB Alberto Morín 0-0: Swinging Strike
0-1: Called Strike
0-2: Ball
1-2: Foul Ball, location: 2F
1-2: Ball
2-2: Foul Ball, location: 2F
2-2: Ground out 4-3 (Groundball, 4M)
Batting: RHB Ken Pérez 0-0: Fly out, F8 (Flyball, 8LS)
Batting: RHB Ollie Johnson 0-0: SINGLE (Line Drive, 9S)
Batting: RHB Terry Griffin 0-0: Ball
1-0: Foul Ball, location: 2F
1-1: Ball
2-1: Fly out, F8 (Flyball, 8RXD)
Top of the 8th over - 0 runs, 1 hit, 0 errors, 1 left on base; Jasper 6 - Eau Claire 1
BOTTOM OF THE 8TH
Eau Claire Esquires batting - Pitching for Jasper Cougars : LHP Logan Brown
Now at C: Bob Vaughn
Batting: LHB Caleb Ruíz 0-0: Swinging Strike
0-1: Foul Ball, location: 2F
0-2: Foul Ball, location: 2F
0-2: SOLO HOME RUN (Flyball, 89XD), Distance : 384 ft
Batting: RHB Ron Moore 0-0: SOLO HOME RUN (Flyball, 7LD), Distance : 308 ft
Pitching: RHP Juan Gómez
Batting: RHB Jorge Silva 0-0: Fly out, F6 (Popup, 6MD)
Batting: RHB Tom McBride 0-0: Called Strike
0-1: Ball
1-1: SINGLE (Line Drive, 4D)
Batting: RHB Tomás Rivera 0-0: Ball
1-0: Ball
2-0: Foul Ball, location: 2F
2-1: Swinging Strike
2-2: Ball
3-2: Foul Ball, location: 2F
3-2: Base on Balls
Tom McBride to second
Batting: SHB Paul Davenport 0-0: Ball
1-0: Ball
2-0: Grounds into double play, 6-4-3 (Groundball, 6)
Bottom of the 8th over - 2 runs, 3 hits, 0 errors, 1 left on base; Jasper 6 - Eau Claire 3
TOP OF THE 9TH
Jasper Cougars batting - Pitching for Eau Claire Esquires : LHP John Smith
Pitching: LHP Matthew Hernández
Batting: SHB Jerry Young 0-0: Swinging Strike
0-1: Ball
1-1: Foul Ball, location: 2F
1-2: Foul Ball, location: 2F
1-2: Foul Ball, location: 2F
1-2: Foul Ball, location: 2F
1-2: Ball
2-2: Ball
3-2: Strikes out swinging
Batting: RHB Ben Wilson 0-0: Called Strike
0-1: Foul Ball, location: 2F
0-2: Fly out, F9 (Flyball, 9)
Batting: SHB Kel Davis 0-0: Ground out 6-3 (Groundball, 6D)
Top of the 9th over - 0 runs, 0 hits, 0 errors, 0 left on base; Jasper 6 - Eau Claire 3
BOTTOM OF THE 9TH
Eau Claire Esquires batting - Pitching for Jasper Cougars : RHP Juan Gómez
Pitching: RHP Cipriano Román
Batting: LHB Steve Arnold 0-0: Called Strike
0-1: Swinging Strike
0-2: Foul Ball, location: 2F
0-2: Foul Ball, location: 2F
0-2: Ball
1-2: Ball
2-2: Strikes out swinging
Batting: RHB River Cunningham 0-0: Ball
1-0: Foul Ball, location: 2F
1-1: Called Strike
1-2: Foul Ball, location: 2F
1-2: Foul Ball, location: 2F
1-2: Strikes out looking
Batting: RHB Claudio Rodríguez 0-0: Called Strike
0-1: Ball
1-1: Called Strike
1-2: Ball
2-2: Foul Ball, location: 2F
2-2: Strikes out looking
Bottom of the 9th over - 0 runs, 0 hits, 0 errors, 0 left on base; Jasper 6 - Eau Claire 3
Saturday, April 7th, 2018 - OOTP Baseball 18.8 Build 76